 Dungeon Crawl Stone Soup version 0.27.1-3-gb3d3a73c9e (webtiles) character file.

Game seed: 10085458764724011475

262 earthworldpsion the Chopper (level 5, -3/48 HPs)
             Began as a Minotaur Berserker on Oct 21, 2021.
             Was a Believer of Trog.
             Slain by a gnoll (5 damage)
             ... on level 4 of the Dungeon.
             The game lasted 00:07:45 (3379 turns).

earthworldpsion the Chopper (Minotaur Berserker)    Turns: 3379, Time: 00:07:45

Health: -3/48      AC:  4    Str: 23    XL:     5   Next: 97%
Magic:  4/4        EV: 12    Int:  4    God:    Trog [**....]
Gold:   99         SH:  0    Dex:  9    Spells: 4/4 levels left

rFire    . . .     SeeInvis .   r - +0 war axe
rCold    . . .     Faith    +   (no shield)
rNeg     . . .     Spirit   .   s - +0 leather armour
rPois    .         Reflect  .   (helmet restricted)
rElec    .         Harm     .   (no cloak)
rCorr    .         Rampage  .   q - +0 pair of gloves
Will     ++...                  (no boots)
Stlth    +.........             n - amulet of faith
HPRegen  1.16/turn              (no ring)
MPRegen  0.09/turn              (no ring)

@: strong-willed, on berserk cooldown, regenerating, slowed, very slow
A: horns 2, retaliatory headbutt
a: Renounce Religion, Berserk, Trog's Hand


You were on level 4 of the Dungeon.
You worshipped Trog.
Trog was pleased with you.
You visited 1 branch of the dungeon, and saw 4 of its levels.

You collected 99 gold pieces.

Inventory:

Hand Weapons
 a - a +0 hand axe
 r - a +0 war axe (weapon)
Armour
 b - a +0 animal skin
 q - a +0 pair of gloves (worn)
 s - a +0 leather armour (worn)
Jewellery
 g - a +6 ring of dexterity
 n - an amulet of faith (around neck)
 o - a +6 ring of intelligence
Scrolls
 f - a scroll of enchant armour {unknown}
 j - a scroll of vulnerability
 k - a scroll of teleportation
 m - 2 scrolls of magic mapping
Potions
 c - a potion of haste {unknown}
 d - 2 potions of brilliance {unknown}
 e - 2 potions of heal wounds {unknown}
 i - a potion of might {unknown}
 l - a potion of resistance {unknown}
 p - a potion of attraction {unknown}


   Skills:
 + Level 5.1 Fighting
 + Level 5.1 Axes
 + Level 4.2 Armour
 + Level 3.9 Dodging


You had 4 spell levels left.
You didn't know any spells.
Your spell library was empty.

Dungeon Overview and Level Annotations

Branches:
Dungeon (4/15)
 Temple: D:4-7

Altars:
Trog
Xom

Shops:
D:1 *   D:3 [


Innate Abilities, Weirdness & Mutations

You have a pair of horns on your head.
You reflexively headbutt those who attack you in melee.


Message History

You are too berserk!
The gnoll closely misses you. The gnoll barely misses you.
You feel a strong urge to attack something.
You are no longer berserk.
You are exhausted.
You feel yourself slow down.
As you read the scroll of summoning, it crumbles to dust.
Wisps of shadow whirl around you...
The gnoll hits you from afar with a +0 halberd!
* * * LOW HITPOINT WARNING * * *
The gnoll hits you from afar with a +0 spear.
* * * LOW HITPOINT WARNING * * *
The gnoll closely misses you. The gnoll barely misses you.
Your skin crawls.
You feel strong-willed. The gnoll barely misses you. The quokka misses you.
The gnoll barely misses you. The gnoll misses you.
The gnoll shaman hits you with a +0 whip.
* * * LOW HITPOINT WARNING * * *
Your dart slug launches a dart at the gnoll shaman.
The slug dart hits the gnoll shaman.
The gnoll hits your dart slug with a +0 spear!
The quokka bites you but does no damage.
Your orc hits the gnoll with a +0 whip. The quokka barely misses you.
Your orc hits the gnoll with a +0 whip.
Your dart slug barely misses the gnoll shaman.
The gnoll hits you but does no damage. The gnoll barely misses you.
You slash the gnoll shaman!
The gnoll shaman is heavily wounded.
You barely miss the quokka. The gnoll barely misses you.
The quokka completely misses you.
The gnoll shaman hits you with a +0 whip.
* * * LOW HITPOINT WARNING * * *
Your orc closely misses the gnoll.
The gnoll hits you from afar with a +0 spear.
* * * LOW HITPOINT WARNING * * *
The gnoll barely misses you.
The quokka bites you but does no damage.
The gnoll hits you from afar with a +0 spear.
You die...

#..# .... #..# ..## .
#..#. #####...###
....####..#.##.........#
..........#............#
....####.####...)).)...#
# #......wggg.....#
#####.#$gro.....#
#.#.@.......#
#.#.........#
#.##.....##.# #.########
# #.. ###


You could see a gnoll shaman (ally target), 3 gnolls, a quokka, a friendly dart
slug (summoned) and a friendly orc (summoned).

Vanquished Creatures
  An ogre (D:2)
  An iguana (D:3)
  An orc wizard (D:3)
  A hound skeleton (D:4)
  2 adders (D:2)
  2 gnolls
  2 worms (D:3)
  2 dart slugs (D:1)
  5 orcs
  6 bats
  6 endoplasms
  4 giant cockroaches
  3 goblins
  5 hobgoblins
  3 kobolds
  8 ball pythons
  2 frilled lizards
  8 rats
62 creatures vanquished.

Vanquished Creatures (others)
  8 plants (D:1)
8 creatures vanquished.

Grand Total: 70 creatures vanquished

Notes
Turn   | Place    | Note
-------+----------+-------------------------------------------
     0 | D:1      | earthworldpsion the Minotaur Berserker began the quest for
                  | the Orb.
     0 | D:1      | Reached XP level 1. HP: 19/19 MP: 0/0
   296 | D:1      | Reached XP level 2. HP: 21/27 MP: 1/1
   992 | D:1      | Found Poroamon's General Store.
  1032 | D:1      | Reached ** piety under Trog
  1086 | D:1      | Reached XP level 3. HP: 26/33 MP: 2/2
  1343 | D:2      | Found a shimmering altar of Xom.
  1650 | D:2      | Noticed an ogre
  1657 | D:2      | HP: 1/49 [ogre (31)]
  1658 | D:2      | Killed an ogre
  1659 | D:2      | Reached XP level 4. HP: 1/41 MP: 3/3
  1670 | D:2      | HP: 1/41 [hobgoblin (5)]
  2019 | D:2      | Reached XP level 5. HP: 37/47 MP: 4/4
  2436 | D:3      | Found a bloodstained altar of Trog.
  2997 | D:3      | Reached skill level 5 in Fighting
  2997 | D:3      | Reached skill level 5 in Axes
  3189 | D:3      | Found Pyseuj's Armour Shop.
  3379 | D:4      | HP: 2/48 [gnoll (4)]
  3379 | D:4      | Slain by a gnoll

Illustrated notes

Levels and vault maps discovered:
D:1:      lightli_arrival_maybe_door_vault, layout_loops_ring, serial_shops,
          nicolae_shop_crystal, kennysheep_another_room, serial_bayou_lagoon_b
D:2:      layout_loops_ring, basic_altar, minmay_misc_feat_columns,
          kennysheep_generic_room_7
D:3:      layout_basic, mainiacjoe_overflow_chevrons, serial_shops, shop,
          kennysheep_path_1, kennysheep_generic_room_4
D:4:      layout_basic, uniq_eustachio

Skill      XL: |  1  2  3  4  5 |
---------------+----------------+-----
Fighting       | 4 5 |  5.1
Axes           | 4 5 |  5.1
Armour         | 3 4 |  4.2
Dodging        | 3 |  3.9

Action                   |  1- 3 |  4- 6 || total
-------------------------+-------+-------++-------
Melee: Hand axe          |    83 |    49 ||   132
       Headbutt          |     7 |     9 ||    16
       War axe           |       |    14 ||    14
Invok: Berserk           |     1 |     3 ||     4
       Trog's Hand       |       |     3 ||     3
  Use: Scroll            |       |     5 ||     5
Armor: Animal skin       |    11 |     5 ||    16
       Leather armour    |       |     6 ||     6
Dodge: Dodged            |    48 |    47 ||    95
